Map: Ever Dream LE

Players

LiquidClem (Clem)

  • Race: Terran Terran
  • League: Master
  • Spawn Location: 7:00

liquidthermy (uThermal) - Winner!

  • Race: Terran Terran
  • Spawn Location: 1:00

Event: DreamHack SC2 Masters 2020 Summer Europe

VOD

Have the link to the VOD?

Description

Time

  • Played on: July 10, 2020, 12:16 p.m.
  • Length: 12:06

All games in this series

Show
View Real Time Build Order
Export as new Build Order

LiquidClem Terran 

Build Orders: Gas First Reaper Expand, Hellion Opening, Mech 

Get SALT Encoding   

  12  0:00  SCV  
  13  0:12  SCV  
  14  0:17  Supply Depot  
  14  0:24  SCV  
  15  0:29  Refinery  
  15  0:38  SCV  
  16  0:43  Barracks  
  16  0:50  SCV  
  17  1:02  SCV  
  18  1:15  SCV  
  19  1:30  Reaper, Orbital Command  
  20  1:43  Command Center  
  20  1:54  Factory  
  20  1:58  SCV  
  21  2:05  Barracks Reactor  
  21  2:08  Supply Depot  
  21  2:12  SCV  
  22  2:20  Refinery  
  22  2:24  SCV  
  23  2:37  SCV  
  24  2:43  Starport  
  24  2:44  Hellion  
  24  2:46  Hellion  
  24  2:49  SCV  
  24  2:50  Barracks Tech Lab  
  29  2:59  Orbital Command  
  30  3:08  Marauder  
  30  3:10  Hellion  
  33  3:15  Hellion  
  33  3:17  Concussive Shells  
  35  3:23  Medivac  
  37  3:30  Marauder  
  37  3:34  Supply Depot  
  39  3:36  Hellion  
  39  3:40  Hellion  
  43  3:43  SCV  
  43  3:44  SCV  
  43  3:47  Refinery  
  45  3:55  SCV  
  46  3:56  Starport Tech Lab  
  46  3:57  SCV  
  46  4:00  Supply Depot  
  45  4:05  Hellion  
  45  4:07  Hellion  
  47  4:12  Viking  
  47  4:16  Marine  
  48  4:22  SCV  
  49  4:34  Marine  
  49  4:35  SCV  
  47  4:41  Hellion  
  46  4:45  SCV  
  46  4:49  Starport Tech Lab  
  46  4:53  SCV  
  46  4:59  SCV  
  48  5:05  SCV  
  47  5:11  Raven  
  47  5:12  SCV  
  47  5:14  Marine x2  
  51  5:15  Siege Tank  
  51  5:17  SCV  
  56  5:24  SCV  
  57  5:29  SCV  
  57  5:30  Supply Depot  
  57  5:31  Marine  
  57  5:32  Marine  
  60  5:36  SCV  
  60  5:41  SCV  
  62  5:51  SCV, Marine x2  
  62  5:52  Supply Depot  
  62  5:53  SCV, Siege Tank  
  69  6:03  SCV  
  70  6:06  Command Center  
  70  6:13  Raven  
  70  6:14  SCV  
  70  6:15  SCV  
  70  6:16  Marine x2  
  76  6:19  Supply Depot  
  76  6:21  Supply Depot  
  76  6:26  SCV  
  76  6:27  SCV, Siege Tank  
  74  6:34  Marine x2  
  74  6:35  Supply Depot  
  74  6:38  SCV, Refinery  
  76  6:40  SCV  
  76  6:42  Supply Depot  
  76  6:50  SCV  
  76  6:52  Factory  
  77  6:54  SCV, Factory  
  77  7:00  Siege Tank  
  81  7:02  SCV  
  81  7:07  Viking, Supply Depot  
  84  7:09  Barracks Reactor  
  84  7:11  Viking  
  84  7:15  SCV x2  
  88  7:23  Supply Depot  
  88  7:27  SCV x2  
  90  7:32  Siege Tank  
  93  7:40  SCV  
  93  7:42  Refinery  
  93  7:43  Viking  
  93  7:44  Engineering Bay  
  96  7:45  Refinery  
  96  7:48  Viking  
  96  7:50  SCV  
  99  7:52  SCV  
  99  7:55  Siege Tank  
  103  8:00  SCV  
  103  8:03  Hellion x2  
  108  8:07  Siege Tank  
  108  8:09  SCV  
  108  8:10  SCV  
  113  8:16  SCV  
  114  8:20  Viking x2  
  114  8:25  SCV  
  119  8:32  Hellion x2  
  123  8:36  Siege Tank  
  125  8:43  Missile Turret, Siege Tank  
  127  8:50  Viking  
  122  8:59  Hellion x2  
  102  9:08  Siege Tank  
  102  9:15  Siege Tank  
Show
View Real Time Build Order
Export as new Build Order

liquidthermy Terran - Winner!

Build Orders: 1/1/1, Liberator Opening 

Get SALT Encoding   

  12  0:01  SCV  
  13  0:13  SCV  
  14  0:17  Supply Depot  
  14  0:25  SCV  
  14  0:28  Refinery  
  15  0:38  SCV  
  16  0:43  Barracks  
  16  0:50  SCV  
  16  0:54  Refinery  
  17  1:02  SCV  
  18  1:14  SCV  
  19  1:30  Reaper, Orbital Command  
  20  1:33  Factory  
  20  1:41  Supply Depot  
  20  1:56  SCV  
  21  2:03  Barracks Reactor  
  21  2:08  SCV  
  22  2:16  Hellion  
  22  2:17  Starport  
  22  2:20  SCV  
  25  2:24  Supply Depot  
  25  2:32  SCV  
  26  2:38  Hellion  
  26  2:39  Reaper x2  
  30  2:44  SCV  
  30  2:51  Supply Depot  
  31  2:53  Liberator  
  34  2:59  Hellion  
  36  3:11  Reaper x2  
  38  3:21  Hellion  
  40  3:34  Command Center  
  40  3:37  Starport Tech Lab  
  40  3:39  SCV  
  41  3:43  Marine  
  41  3:44  Marine  
  41  3:45  Factory Tech Lab  
  44  3:55  SCV  
  44  3:57  Supply Depot  
  44  3:58  Raven  
  46  4:04  Marine  
  46  4:09  Marine  
  45  4:15  SCV  
  47  4:19  Siege Tank  
  47  4:23  Marine  
  49  4:27  SCV, Marine  
  49  4:35  Refinery  
  49  4:39  SCV  
  49  4:41  Marine  
  49  4:45  Marine  
  47  4:48  Orbital Command  
  47  4:51  SCV  
  49  4:57  Cyclone  
  52  5:01  Marine  
  52  5:03  Marine  
  52  5:04  SCV  
  55  5:09  Raven  
  55  5:13  SCV  
  58  5:16  SCV  
  58  5:19  Supply Depot  
  58  5:20  Marine  
  60  5:25  SCV  
  59  5:31  SCV, Siege Tank  
  59  5:34  Supply Depot  
  63  5:36  Marine  
  63  5:38  SCV, Marine  
  66  5:45  SCV  
  67  5:50  SCV  
  67  5:52  Raven  
  67  5:56  Command Center  
  70  5:57  SCV  
  70  6:02  SCV, Marine  
  70  6:03  Marine  
  70  6:04  Refinery  
  74  6:08  Siege Tank  
  76  6:13  SCV  
  77  6:20  SCV, Marine x2  
  77  6:21  Supply Depot  
  80  6:25  SCV  
  80  6:32  SCV  
  82  6:38  SCV, Supply Depot  
  83  6:40  Siege Tank  
  83  6:44  SCV  
  87  6:49  Viking x2  
  87  6:51  Supply Depot, Marine  
  87  6:52  Stimpack  
  92  6:55  SCV  
  92  6:59  SCV  
  94  7:11  Engineering Bay  
  94  7:12  Engineering Bay, Siege Tank  
  94  7:13  SCV x2  
  99  7:19  Viking  
  99  7:20  Viking  
  101  7:25  SCV x2  
  102  7:37  SCV x2, Marine  
  102  7:40  Terran Infantry Weapons Level 1, Barracks x2, Terran Infantry Armor Level 1  
  105  7:48  Siege Tank  
  105  7:49  SCV  
  105  7:50  SCV  
  110  7:55  Marine  
  110  7:58  Viking  
  113  8:01  SCV, Viking  
  113  8:03  Orbital Command  
  113  8:04  SCV  
  117  8:13  SCV, Marine  
  117  8:15  Refinery x2  
  117  8:16  SCV, Supply Depot  
  119  8:25  SCV  
  120  8:27  Barracks  
  120  8:28  Barracks, Siege Tank  
  120  8:30  SCV  
  120  8:31  Marine  
  124  8:37  Viking  
  124  8:38  Viking, Marine  
  124  8:40  Marine  
  130  8:49  Marine  
  89  9:28  SCV  
  82  9:47  SCV  
  61  9:53  Command Center  
  61  10:14  Barracks Tech Lab  
  61  10:37  Supply Depot  
  61  10:38  Supply Depot  
  59  10:53  Barracks  
  59  10:55  Supply Depot, Barracks  
  59  10:56  Barracks  
  58  10:57  Barracks  
  58  10:58  Supply Depot  
  58  11:16  Marine  
  58  11:17  SCV  
  50  11:29  SCV  
  44  11:33  Marine  
  44  11:34  Marine  
  46  11:44  SCV  
  46  11:47  Marine  
  46  11:48  Marine  
Tags
 
Add a new tag
Caveats
  • Supply blocks, unpowered buildings, or Contaminate may cause inaccurate times.
  • Supply counts are checked every 10 seconds.